AoeStats
← Martini Bianco

Arabia

506723503Analyzed
2v2 RM · 18d ago on Sep 14, 2026· 87m 53s· 4 players
Game mode
Random Map
Map size
Medium (4 player)
Population
200
Speed
Normal
Resources
Standard
Victory
Conquest
Starting age
Dark Age
Ending age
Imperial Age
RankedLock teamsTeams togetherTeam positionsShared explorationLock speedFull tech treeHidden civsTurbo modeCheats
Victory
Defeat
🇦🇷 Huns · Argentina
1089
+17
🇸🇮 Poles · Slovenia
1072
+18
🇩🇪 Ethiopians · Germany
1121
-18
🇩🇪 Mongols · Germany
1105
-17
Deksel-
11:51 Feudal Age
12:36 Double-Bit Axe
14:27 Horse Collar
17:55 Castle Age
16:32 Stone Mining
20:00 Forging
23:27 Szlachta Privileges
24:49 Scale Barding Armor
25:47 Bloodlines
26:37 Chain Barding Armor
26:31 Gold Mining
27:33 Town Watch
28:24 Wheelbarrow
32:04 Iron Casting
31:20 Fletching
35:07 Imperial Age
34:06 Bow Saw
34:11 Heavy Plow
35:32 Bodkin Arrow
35:39 Padded Archer Armor
35:58 Crossbowman
36:41 Bracer
36:24 Cavalier
37:12 Thumb Ring
37:56 Ballistics
38:37 Chemistry
39:42 Blast Furnace
39:20 Arbalester
40:54 Light Cavalry
46:16 Leather Archer Armor
45:30 Winged Hussar
Pompi94
6:41 Loom
10:07 Feudal Age
12:11 Wheelbarrow
17:36 Double-Bit Axe
20:01 Gold Mining
23:42 Castle Age
22:11 Horse Collar
22:45 Forging
23:22 Padded Archer Armor
23:19 Fletching
24:00 Elite Skirmisher
25:44 Stone Mining
26:10 Scale Mail Armor
31:54 Husbandry
35:06 Chain Mail Armor
36:52 Bow Saw
36:50 Bodkin Arrow
38:55 Gold Shaft Mining
43:04 Imperial Age
41:35 Hand Cart
41:40 Bloodlines
41:48 Town Watch
42:13 Padded Archer Armor
42:49 Iron Casting
44:18 Parthian Tactics
44:01 Thumb Ring
44:06 Caravan
45:39 Town Patrol
47:32 Ballistics
48:15 Chemistry
48:46 Conscription
48:49 Leather Archer Armor
48:35 Bracer
49:56 Heavy Cavalry Archer
51:45 Masonry
52:59 Light Cavalry
55:47 Pikeman
73:10 Two-Man Saw
Martini Bianco
6:40 Loom
8:50 Feudal Age
12:54 Scale Barding Armor
16:45 Bloodlines
16:19 Horse Collar
17:57 Double-Bit Axe
22:04 Castle Age
21:05 Forging
23:58 Husbandry
25:07 Chain Barding Armor
26:01 Iron Casting
25:46 Pikeman
26:46 Fletching
33:59 Town Watch
35:04 Gold Mining
36:34 Squires
36:49 Scale Mail Armor
36:59 Stone Mining
39:48 Stone Shaft Mining
40:37 Town Patrol
41:27 Chain Mail Armor
41:55 Wheelbarrow
41:27 Heavy Plow
47:56 Imperial Age
45:42 Hand Cart
49:00 Conscription
49:26 Plate Mail Armor
49:57 Blast Furnace
48:57 Bodkin Arrow
49:24 Heavy Camel Rider
51:51 Gold Shaft Mining
52:39 Bracer
53:29 Drill
54:44 Hoardings
58:22 Elite Steppe Lancer
58:58 Capped Ram
61:10 Nomads
63:47 Bow Saw
63:49 Light Cavalry
64:52 Siege Ram
70:49 Padded Archer Armor
71:03 Murder Holes
71:17 Siege Engineers
Chewbacca08
5:53 Loom
8:57 Feudal Age
21:51 Castle Age
19:59 Fletching
20:15 Gold Mining
20:32 Double-Bit Axe
20:57 Padded Archer Armor
21:56 Crossbowman
22:33 Bodkin Arrow
24:42 Ballistics
25:34 Horse Collar
27:31 Leather Archer Armor
35:17 Gold Shaft Mining
35:36 Bow Saw
38:48 Imperial Age
36:49 Murder Holes
37:03 Heavy Plow
38:31 Thumb Ring
41:06 Chemistry
40:08 Bracer
40:39 Ring Archer Armor
43:04 Wheelbarrow
42:11 Arbalester
47:16 Hand Cart
46:47 Town Watch
51:50 Town Patrol
51:21 Halberdier
51:44 Elite Skirmisher
53:24 Squires
53:25 Scale Mail Armor
53:35 Forging
54:17 Torsion Engines
58:25 Chain Mail Armor
58:45 Iron Casting
62:02 Plate Mail Armor
62:32 Blast Furnace
61:38 Scale Barding Armor
63:54 Heavy Camel Rider
69:45 Elite Shotel Warrior
70:49 Conscription
70:52 Chain Barding Armor
70:17 Onager
75:57 Caravan
76:52 Siege Onager
83:33 Light Cavalry
Connection lost

Rejoining the realm…

Still unreachable

The connection could not be restored.

Session expired

The server has moved on; the page needs a fresh start.